 Dungeon Crawl Stone Soup version 0.13-a0-2382-gbc6a47d (webtiles) character file.

4149 JogiH the Reanimator (level 10, -4/76 HPs)
             Began as a Deep Dwarf Necromancer on July 14, 2013.
             Slain by a yak (11 damage)
             ... on Level 9 of the Dungeon.
             The game lasted 01:09:48 (13275 turns).

JogiH the Reanimator (Deep Dwarf Necromancer)      Turns: 13275, Time: 01:09:48

HP  -4/76        AC  3     Str 11      XL: 10   Next:  6%
MP   3/26        EV 13     Int 19      God:
Gold 46          SH  0     Dex 13      Spells:  4 memorised, 15 levels left

Res.Fire  : . . .   See Invis. : .   y - +2,+0 elf whip (venom)
Res.Cold  : . . .   Warding    : .   a - +0 robe
Life Prot.: . . .   Conserve   : .   (no shield)
Res.Poison: .       Res.Corr.  : .   Q - +0 helmet
Res.Elec. : .       Clarity    : .   (no cloak)
Sust.Abil.: . .     Spirit.Shd : .   (no gloves)
Res.Mut.  : .       Rnd.Telep. : +   (no boots)
Res.Rott. : .       Flight     : .   (no amulet)
Saprovore : . . .                    (no ring)
                                     (no ring)

@: non-regenerating, quite resistant to hostile enchantments, fairly stealthy
A: damage resistance, recharge devices, blurry vision 1, sense surroundings 2,
slow healing 3, teleportitis 1, Str -1
a: Device Recharging


You were on level 9 of the Dungeon.
You were near starving.

You visited 1 branch of the dungeon, and saw 10 of its levels.

You collected 166 gold pieces.
You spent 140 gold pieces at shops.

Inventory:

Hand weapons
 c - a cursed -1,+1 orcish dagger
 h - a +1,+3 orcish hand axe
 y - a +2,+0 elven whip of venom (weapon)
 D - a -3,-2 orcish hand axe (quivered)
 H - the +4,+4 mace "Blid Iss" {antimagic, rC+}
   (You found it on level 6 of the Dungeon)

   It disrupts the flow of magical energy around spellcasters and certain
   magical creatures (including the wielder).
   It protects you from cold.
 M - the +2,+2 whip of Immorality {slash, Str+2}
   (You found it on level 6 of the Dungeon)

   It inflicts extra damage upon your enemies.
   It affects your strength (+2).
Armour
 a - a +0 robe (worn)
 i - a +0 ring mail of cold resistance
 Q - a +0 helmet (worn)
Magical devices
 B - a wand of draining (1)
 C - a wand of lightning (1)
 E - a wand of frost (12)
 O - a wand of lightning (6)
 R - a wand of cold (8) {unknown}
Comestibles
 d - 7 bread rations
 n - 13 strawberries
 z - 11 grapes
Scrolls
 e - 2 scrolls of identify
 f - 10 scrolls of teleportation
 g - 3 scrolls of recharging
 j - 2 scrolls of remove curse
 k - a scroll of curse jewellery {unknown}
 m - a scroll of blinking {unknown}
 o - 2 scrolls of curse armour
 p - a scroll of fog {unknown}
 u - 3 scrolls of fear {unknown}
 J - a scroll of curse weapon {unknown}
 L - 3 scrolls of enchant weapon I {unknown}
 N - 2 scrolls of noise {unknown}
 P - 2 scrolls of immolation {unknown}
Jewellery
 v - an uncursed amulet of guardian spirit
 w - a cursed ring of teleportation
 x - an uncursed ring of teleportation
Potions
 s - 4 potions of curing
 t - a potion of confusion {unknown}
 A - a potion of might {unknown}
 F - a potion of resistance {unknown}
 G - a potion of poison {unknown}
 T - 2 potions of paralysis {unknown}
 U - a potion of restore abilities
Books
 b - a book of Necromancy

   Spells                             Type                      Level
   *Pain                              Necromancy                   1
   Animate Skeleton                   Necromancy                   1
   Lethal Infusion                    Charms/Necromancy            2
   *Vampiric Draining                 Necromancy                   3
   Regeneration                       Charms/Necromancy            3
   *Animate Dead                      Necromancy                   4
   *Control Undead                    Necromancy                   4
 q - An Introduction to Spellcraft
   (You found it on level 4 of the Dungeon)

   Spells                             Type                      Level
   Infusion                           Charms                       1
   Shock                              Conjuration/Air              1
   Confusing Touch                    Hexes                        1
   Corona                             Hexes                        1
   Freeze                             Ice                          1
Miscellaneous
 l - a plain deck of changes


   Skills:
 - Level 1.0 Fighting
 - Level 1.1 Maces & Flails
 - Level 3.0 Dodging
 - Level 3.0 Stealth
 + Level 9.2 Spellcasting
 + Level 10.8 Necromancy


You had 15 spell levels left.
You knew the following spells:

 Your Spells              Type           Power        Failure   Level  Hunger
a - Pain                  Necr           ####         1%          1    None
b - Vampiric Draining     Necr           ######....   1%          3    None
c - Animate Dead          Necr           N/A          1%          4    ###....
d - Control Undead        Necr           ######....   1%          4    ###....


Dungeon Overview and Level Annotations

Branches:
Dungeon (10/27)            Temple (0/1) D:5
    Orc: D:6-11        Lair: D:8-13

Altars:
Ashenzari
Fedhas
Kikubaaqudgha
Nemelex Xobeh
Okawaru
Vehumet

Shops:
D:7: ! D:8: [

Annotations
D:7 Maurice


Innate Abilities, Weirdness & Mutations

You are resistant to damage.
You can recharge devices by infusing magical energy.
You passively map the area around you.
You do not heal naturally.
Your vision is a little blurry.
Space occasionally distorts in your vicinity.
You are weak (Str -1).


Message History

The yak is lightly wounded.
The yak barely misses you. The yak gores you!
You hit the yak.
The yak looks even sicker.
The yak is lightly wounded.
The yak barely misses you.
You hit the yak.
The yak looks even sicker.
The yak is moderately wounded.
The yak gores you!
* * * LOW HITPOINT WARNING * * *
You barely miss the yak.
The yak is moderately wounded.
The yak gores you!
* * * LOW HITPOINT WARNING * * *
The yak barely misses you.
There are monsters nearby!
There isn't anything here!
You hit the yak but do no damage.
The yak looks even sicker.
The yak is moderately wounded.
The yak gores you!
You die...

,, **, * , , ,, .* ** * ,,
* * .# , ,, ,, *
######.#,,*, * ,, ,, ,
#......# *, ,*#......# *,
, , , , , , ,*#......, *
,,*#.....#######.#. * ,
+....YY@Y......., + ,,,
#....g#########. , *
#.....)......g. , * **
#....Y######### , ,
#....Y# , ,, ####'### *
####.....################
,
#......^.##.............#
#.##..≈≈.##.##########.###


You could see 3 yaks and a hobgoblin.

Vanquished Creatures
  A troll (D:9)
  2 yaks (D:9)
  A manticore (D:7)
  An ice beast (D:5)
  2 sky beasts
  2 orc warriors
  4 ogres
  The ghost of ManOfSteam the Charlatan, an average HuAr (D:3)
  3 centaurs
  Duvessa (D:4)
  5 giant frogs
  A water moccasin (D:7)
  4 killer bees
  Dowan (D:4)
  2 iguanas
  3 hounds
  5 orc priests
  3 orc wizards
  11 worker ants
  5 scorpions
  A jelly (D:8)
  2 hound skeletons
  2 gnolls (D:3)
  12 adders
  7 worms
  2 giant mites
  3 giant eyeballs
  3 giant geckos
  An ooze (D:4)
  40 orcs
  18 bats
  A bat skeleton (D:5)
  3 giant cockroaches (D:2)
  19 goblins
  20 hobgoblins
  16 jackals
  2 quokkas
  7 giant newts
  A hobgoblin zombie (D:6)
  16 kobolds
  A kobold skeleton (D:4)
  A kobold zombie (D:5)
  A quokka skeleton (D:4)
  14 rats
  2 ballistomycetes (D:7)
253 creatures vanquished.

Vanquished Creatures (collateral kills)
  Prince Ribbit (D:7)
  An orc warrior (D:6)
  A phantom (D:7)
  A yak skeleton (D:7)
  A goliath beetle (D:6)
  A scorpion (D:7)
  A centaur skeleton (D:7)
  A worker ant (D:7)
  A jelly (D:3)
  A hound skeleton (D:4)
  2 gnolls (D:3)
  5 orcs
  A bat (D:7)
  A bat skeleton (D:6)
  A goblin (D:4)
  A hobgoblin (D:7)
  A giant cockroach (D:3)
  A giant gecko (D:7)
  A hobgoblin skeleton (D:6)
  A kobold (D:3)
  An orc zombie (D:5)
  2 rats
28 creatures vanquished.

Vanquished Creatures (others)
  A manticore zombie (D:7)
  A giant frog zombie (D:7)
  A centaur zombie (D:6)
  2 killer bee zombies (D:7)
  An ogre zombie (D:3)
  A worker ant zombie (D:7)
  A worm zombie (D:3)
  An adder zombie (D:7)
  3 scorpion zombies
  2 bat zombies (D:3)
  A goblin (D:5)
  A jackal (D:1)
  A giant mite zombie (D:4)
  A giant spore (D:7)
  2 gnoll zombies (D:3)
  A goblin zombie (D:3)
  A hobgoblin skeleton (D:7)
  A hobgoblin zombie (D:7)
  2 kobold zombies (D:3)
  3 orc skeletons
  13 orc zombies
  A rat (D:3)
  2 rat zombies
44 creatures vanquished.

Grand Total: 325 creatures vanquished

Notes
Turn   | Place    | Note
--------------------------------------------------------------
     0 | D:1      | JogiH, the Deep Dwarf Necromancer, began the quest for the Orb.
     0 | D:1      | Reached XP level 1. HP: 15/15 MP: 3/3
   134 | D:1      | Reached XP level 2. HP: 22/22 MP: 2/4
   610 | D:1      | Reached skill level 5 in Necromancy
   766 | D:1      | Reached XP level 3. HP: 28/28 MP: 1/6
  1149 | D:1      | Learned a level 3 spell: Vampiric Draining
  1811 | D:2      | Reached XP level 4. HP: 32/36 MP: 6/8
  2956 | D:3      | Reached XP level 5. HP: 38/42 MP: 8/10
  3068 | D:3      | Learned a level 4 spell: Animate Dead
  3265 | D:3      | Reached skill level 1 in Fighting
  3271 | D:3      | Noticed ManOfSteam's ghost (average HuAr)
  3537 | D:3      | Found a blossoming altar of Fedhas.
  3557 | D:3      | Noticed an ogre
  3568 | D:3      | Killed an ogre
  3568 | D:3      | Reached skill level 1 in Maces & Flails
  3568 | D:3      | Reached XP level 6. HP: 38/49 MP: 7/13
  4016 | D:3      | Found a shattered altar of Ashenzari.
  4786 | D:3      | Killed ManOfSteam's ghost
  5127 | D:4      | Found a sparkling altar of Nemelex Xobeh.
  5175 | D:4      | Noticed Duvessa
  5333 | D:4      | Killed Duvessa
  5333 | D:4      | Reached skill level 6 in Necromancy
  5333 | D:4      | Reached XP level 7. HP: 25/55 MP: 12/16
  5336 | D:4      | Noticed Dowan
  5398 | D:4      | Killed Dowan
  5888 | D:4      | Identified An Introduction to Spellcraft
  6462 | D:4      | Reached skill level 5 in Spellcasting
  6713 | D:5      | Entered Level 5 of the Dungeon
  6952 | D:5      | Learned a level 4 spell: Control Undead
  7105 | D:5      | Found a staircase to the Ecumenical Temple.
  7128 | D:5      | Found a radiant altar of Vehumet.
  7323 | D:5      | Reached skill level 7 in Necromancy
  7452 | D:5      | Reached XP level 8. HP: 52/63 MP: 14/20
  7883 | D:5      | Found an ancient bone altar of Kikubaaqudgha.
  8357 | D:6      | Got a warped mace
  8363 | D:6      | Identified the +4,+4 mace "Blid Iss" {antimagic, rC+} (You found it on level 6 of the Dungeon)
  8480 | D:6      | Reached skill level 8 in Necromancy
  8922 | D:6      | Got an ichor-stained whip
  8923 | D:6      | Identified the +2,+2 whip of Immorality {slash, Str+2} (You found it on level 6 of the Dungeon)
  9495 | D:6      | Found an iron altar of Okawaru.
  9805 | D:7      | Reached skill level 9 in Necromancy
  9805 | D:7      | Gained mutation: You passively map the area around you. [level up]
  9805 | D:7      | Reached XP level 9. HP: 52/69 MP: 9/23
 10887 | D:7      | Found Jerghed's Distillery.
 10919 | D:7      | Bought a potion of mutation for 30 gold pieces
 10919 | D:7      | Bought a potion of heal wounds for 30 gold pieces
 10919 | D:7      | Bought a potion of curing for 20 gold pieces
 10919 | D:7      | Bought a potion of curing for 20 gold pieces
 10919 | D:7      | Bought 2 potions of curing for 40 gold pieces
 11031 | D:7      | Gained mutation: You are weak (Str -1). [potion of mutation]
 11031 | D:7      | Gained mutation: Your vision is a little blurry. [potion of mutation]
 11031 | D:7      | Gained mutation: Space occasionally distorts in your vicinity. [potion of mutation]
 11086 | D:7      | Reached skill level 10 in Necromancy
 11197 | D:7      | Noticed Prince Ribbit
 11230 | D:7      | Killed Prince Ribbit
 11697 | D:8      | Noticed Maurice
 11851 | D:8      | Paralysed by a giant eyeball for 4 turns
 12226 | D:8      | Found Kuhoydoth's Armour Shoppe.
 13251 | D:9      | Reached XP level 10. HP: 57/76 MP: 15/26
 13263 | D:10     | Entered Level 10 of the Dungeon
 13275 | D:9      | Slain by a yak

Action                   |  1- 3 |  4- 6 |  7- 9 | 10-12 || total
-------------------------+-------+-------+-------+-------++-------
Melee: Unarmed           |     4 |       |       |       ||     4
       Short sword       |    10 |    29 |       |       ||    39
       Whip              |       |     1 |    98 |     8 ||   107
 Cast: Pain              |    78 |   155 |   266 |     2 ||   501
       Vampiric Draining |     1 |    15 |   134 |     5 ||   155
       Animate Dead      |       |    12 |    29 |       ||    41
       Control Undead    |       |       |     2 |       ||     2
Evoke: Wand              |       |       |     6 |       ||     6
  Use: Scroll            |       |     2 |     6 |       ||     8
       Potion            |       |       |     9 |     1 ||    10
